 Dungeon Crawl Stone Soup version 0.28.0-53-g5a82cb258f (webtiles) character file.

Game seed: 1064605952843006295

215 LynnLen the Digger (level 5, -7/28 HPs)
             Began as a Gargoyle Earth Elementalist on Aug 2, 2022.
             Mangled by a hornet zombie (10 damage)
             ... on level 3 of the Dungeon.
             The game lasted 00:08:52 (3011 turns).

LynnLen the Digger (Gargoyle Earth Elementalist)    Turns: 3011, Time: 00:08:52

Health: -7/28      AC:  7    Str: 16    XL:     5   Next: 92%
Magic:  19/19      EV:  8    Int: 17    God:
Gold:   106        SH:  0    Dex: 10    Spells: 1/11 levels left

rFire   . . .      SeeInvis .   (no weapon)
rCold   + + +      Faith    .   (no shield)
rNeg    + . .      Spirit   .   i - +0 leather armour
rPois   ∞          Reflect  .   (no helmet)
rElec   +          Harm     .   (no cloak)
rCorr   .          Rampage  .   (no gloves)
Will    .....                   (no boots)
Stlth   ++........              (no amulet)
HPRegen 0.09/turn               h - ring of Nocsim {rPois rC+++ MP+9 Str+4}
MPRegen 0.16/turn               a - ring of protection from cold

@: about to teleport, constricted
A: sickness immunity, AC +4, negative energy resistance 1, electricity
resistance, torment resistance 1, petrification resistance
a: no special abilities


You were on level 3 of the Dungeon.
You visited 1 branch of the dungeon, and saw 4 of its levels.

You collected 106 gold pieces.

Inventory:

Missiles
 c - 72 stones
 j - 4 atropa-tipped darts
Armour
 b - a +0 robe
 i - a +0 leather armour (worn)
Jewellery
 a - a ring of protection from cold (right hand)
 h - the ring of Nocsim (left hand) {rPois rC+++ MP+9 Str+4}
   (You acquired it on level 1 of the Dungeon)

   [ring of magical power]

   Str:       It affects your strength (+4).
   rC:        It renders you almost immune to cold.
   rPois:     It protects you from poison.
   MP:        It affects your magic capacity (+9).
Scrolls
 d - 3 scrolls of teleportation
 e - a scroll of fog {unknown}
 k - a scroll of brand weapon {unknown}
Potions
 l - a potion of flight


   Skills:
 + Level 1.8 Dodging
 + Level 3.2 Stealth
 + Level 3.8 Spellcasting
 + Level 0.1 Conjurations
 + Level 0.7 Transmutations
 + Level 5.5 Earth Magic


You had one spell level left.
You knew the following spells:

 Your Spells              Type           Power      Damage    Failure   Level
a - Sandblast             Erth           44%        2d11      1%          1
b - Passwall              Tmut/Erth      10%        N/A       9%          2
c - Stone Arrow           Conj/Erth      24%        3d8       19%         3
d - Petrify               Tmut/Erth      13%        N/A       47%         4

Your spell library contained the following spells:

 Spells                   Type           Power      Damage    Failure   Level
 Corpse Rot               Necr/Air       6%         N/A       30%         2
 Poisonous Vapours        Pois/Air       6%         N/A       30%         2
 Lee's Rapid Deconstruct  Erth           11%        3d9*      50%         5
 Fulminant Prism          Conj/Hex       1%         3d6       88%         4
 Iskenderun's Mystic Bla  Conj/Tloc      3%         2d3       88%         4
 Sticky Flame             Conj/Fire      3%         2d3       88%         4
 Storm Form               Tmut/Air       2%         N/A       100%        7


Dungeon Overview and Level Annotations

Branches:
Dungeon (4/15)
 Temple: D:4-7

Altars:
Dithmenos
Ru

Shops:
D:2 *


Innate Abilities, Weirdness & Mutations

You are immune to sickness and miasma.
Your stone body is resilient. (AC +4)
You are immune to poison.
You resist negative energy. (rN+)
You are resistant to electric shocks. (rElec)
You are resistant to unholy torment.
You are immune to petrification.


Message History

That would be overly suicidal.
Okay, then.
Unknown command.
Aiming: Sandblast (safe; 1% risk of failure)
Press: ? - help, Q - select action, (/) - cycle Shift-Dir - straight line, f - you
Okay, then.
Aiming: Sandblast (safe; 1% risk of failure)
Press: ? - help, Q - select action, (/) - cycle Shift-Dir - straight line, f - you
Okay, then.
Aiming: Sandblast (safe; 1% risk of failure)
Press: ? - help, Q - select action, (/) - cycle Shift-Dir - straight line, f - orc warrior
Aim: an orc warrior, wielding a +2 mace of protection and wearing a +0 chain mail (78% to hit)
The blast of sand hits the orc warrior but does no damage.
Aiming: Sandblast (safe; 1% risk of failure)
Press: ? - help, Q - select action, (/) - cycle Shift-Dir - straight line, f/p - orc warrior
Aim: an orc warrior, wielding a +2 mace of protection and wearing a +0 chain mail (78% to hit)
The blast of sand hits the orc warrior but does no damage.
The goblin shouts!
A hornet zombie comes into view.
A dart slug comes into view.
A ball python comes into view.
The ball python hisses angrily.
The orc warrior hits you with a +2 mace of protection!
An endoplasm comes into view.
You hit the ball python.
The ball python is severely wounded.
The ball python barely misses you. x2
A ball python and an adder come into view.
The ball python closely misses you. The ball python grabs you.
The ball python constricts you.
You barely miss the hornet zombie.
The orc warrior hits you with a +2 mace of protection!
The ball python bites you but does no damage.
The ball python constricts you. The hornet zombie hits you.
* * * LOW HITPOINT WARNING * * *
As you read the scroll of teleportation, it crumbles to dust.
You feel strangely unstable. The ball python bites you.
* * * LOW HITPOINT WARNING * * *
The ball python constricts you. The hornet zombie hits you!
You die...

._..≈≈≈≈..####....
.............†...
####.........##..
#..........)..
##....###......
##.....#........
##...............
####o...............
#..@Sg..........$...
.....J.#Z.w.............
..S....#................
......S#................
.......##.........
....... .........
#.###.. #..###. #. ..#
.##


You could see an orc warrior, an adder (asleep), a dart slug, a hornet zombie,
an endoplasm, a goblin and 2 ball pythons.

Vanquished Creatures
  A black bear (D:4)
  A hound (D:4)
  An orc wizard (D:3)
  2 adders (D:2)
  An adder skeleton (D:4)
  2 worms
  An orc (D:3)
  A ball python (D:4)
  7 bats
  6 endoplasms
  2 giant cockroaches (D:1)
  5 goblins
  5 hobgoblins
  2 quokkas
  4 frilled lizards
  A kobold (D:1)
  A rat (D:2)
43 creatures vanquished.

Vanquished Creatures (others)
  4 plants (D:2)
4 creatures vanquished.

Grand Total: 47 creatures vanquished

Notes
Turn   | Place    | Note
-------+----------+-------------------------------------------
     0 | D:1      | LynnLen the Gargoyle Earth Elementalist began the quest for
                  | the Orb.
     0 | D:1      | Reached XP level 1. HP: 10/10 MP: 3/3
   479 | D:1      | Reached skill level 4 in Earth Magic
   479 | D:1      | Reached XP level 2. HP: 15/15 MP: 3/5
   543 | D:1      | Learned a level 2 spell: Passwall
  1434 | D:1      | Identified 2 scrolls of acquirement
  1434 | D:1      | Acquired the ring of Nocsim {rPois rC+++ MP+9 Str+4}
  1439 | D:1      | Acquired the Papyrus of Excruciating Flight
  1630 | D:2      | Reached XP level 3. HP: 19/19 MP: 6/6
  1785 | D:2      | You fall into a shaft and drop 2 floors!
  1785 | D:4      | Noticed a black bear
  1791 | D:4      | Killed a black bear
  1792 | D:4      | Reached skill level 5 in Earth Magic
  1792 | D:4      | Reached XP level 4. HP: 24/24 MP: 8/8
  1792 | D:4      | Reached XP level 5. HP: 28/28 MP: 9/9
  2015 | D:2      | Learned a level 3 spell: Stone Arrow
  2020 | D:2      | Learned a level 4 spell: Petrify
  2213 | D:2      | Found Jucur's Assorted Antiques.
  2337 | D:2      | Found a shadowy altar of Dithmenos.
  2883 | D:3      | Noticed an orc warrior
  2986 | D:3      | Found a sacrificial altar of Ru.
  3011 | D:3      | Mangled by a hornet zombie

Illustrated notes

Levels and vault maps discovered:
D:1:      erik_arrival_cave_to_civilisation [erik_arrival_cave_to_hall],
          layout_basic
D:2:      layout_basic, serial_shops, nicolae_square_shop, basic_altar,
          serial_bayou_lake_a
D:3:      layout_rooms, mainiacjoe_overflow_boulevard
D:4:      layout_rooms, nicolae_hepliaklqana_hazy_memory

Skill      XL: |  1  2  3 |
---------------+----------+-----
Earth Magic    | 4 5 |  5.5
Stealth        | 3 |  3.2
Spellcasting   | 3 |  3.8
Dodging        | |  1.8
Conjurations   | |  0.1
Transmutations | |  0.7

Action                   |  1- 3 |  4- 6 || total
-------------------------+-------+-------++-------
Melee: Unarmed           |       |     7 ||     7
 Cast: Sandblast         |    43 |    26 ||    69
       Stone Arrow       |       |     2 ||     2
       Passwall          |       |     1 ||     1
  Use: Scroll            |     4 |     4 ||     8
       Potion            |     2 |       ||     2
Armor: Robe              |    12 |       ||    12
       Skin              |    10 |     6 ||    16
       Leather armour    |       |     4 ||     4
Dodge: Dodged            |    13 |     8 ||    21
